Unix NetHack Version 3.7.0-53 Work-in-progress - last build Apr 18 2022 03:42:42 (02b85442fffe0e2954e411e09df771b56fe27bbc,branch:master). Game began 2022-05-08 00:15:45, ended 2022-05-08 00:28:40. ClaireVoyance, lawful female dwarven Valkyrie -------- |)..<.@-################## |......| ################ |......| # ------ |......| # ..... |....... # ... |......| ### ...- -------- ###### |...| ##...C| |...| ...- ... ..... ------ ClaireVoyance the Skirmisher St:13 Dx:10 Co:20 In:10 Wi:10 Ch:9 Lawful Dlvl:7 $:106 HP:0(50) Pw:6(6) AC:0 Xp:4/158 T:2314 Latest messages: What do you want to write with? [- abglux-zBGHOP or ?*] You write in the dust with your fingertip. What do you want to write with? [- abglux-zBGHOP or ?*] This copper wand is a wand of digging! You wipe out the message that was written in the dust here. You engrave in the floor with a wand of digging. The wand of digging glows, then fades. You swap places with Maxwell. You kill the acid blob! You are splashed by the acid blob's acid! There is an acid blob corpse here; eat it? [ynq] (n) You have a very bad case of stomach acid. You finish eating the acid blob corpse. Q - a whistle. You swap places with Maxwell. You stop. Maxwell is in the way! You stop. Maxwell is in the way! It misses! You miss the cave spider. The cave spider bites! You miss the cave spider. The cave spider misses! You kill the cave spider! You hit the elf zombie. The elf zombie misses! You miss the elf zombie. The elf zombie hits! You hit the elf zombie. You destroy the elf zombie! The elf zombie hits! You hit the elf zombie! You miss the elf zombie. You hit the elf zombie! The elf zombie hits! You miss the elf zombie. The elf zombie hits! You hit the elf zombie. The elf zombie hits! What do you want to zap? [luP or ?*] In what direction? You dig a hole through the ground. You fall through... One of the adjacent objects falls through the hole. Valkyrie is about to die. The elf zombie misses! What do you want to zap? [luP or ?*] In what direction? You dig a hole through the floor. You fall through... You die... Major events: Turn 1: ClaireVoyance the lawful dwarven Valkyrie entered the dungeon 1583: attained the rank of Skirmisher (level 3) 2314: killed by falling down a mine shaft Inventory: Coins ('$') $ - 106 gold pieces Weapons (')') b - a blessed +0 dagger (alternate weapon; not wielded) a - an uncursed +1 long sword (weapon in hand) Armor ('[') o - an uncursed +0 helm of brilliance m - an uncursed +0 orcish helm (being worn) I - an uncursed +0 pair of low boots c - an uncursed +3 small shield (being worn) p - an uncursed +0 Hawaiian shirt with a plumeria motif J - an uncursed +0 elven mithril-coat (being worn) Comestibles ('%') k - an uncursed food ration D - an uncursed food ration v - an uncursed lichen corpse Scrolls ('?') w - an uncursed scroll of confuse monster M - a cursed scroll of enchant armor L - a cursed scroll of gold detection t - an uncursed scroll of identify K - an uncursed scroll of identify C - a cursed scroll of identify f - an uncursed scroll of remove curse Spellbooks ('+') i - an uncursed spellbook of invisibility Potions ('!') e - an uncursed potion of blindness j - a cursed potion of invisibility N - a blessed potion of see invisible A - a blessed potion of sickness Rings ('=') O - an uncursed -2 ring of adornment x - a cursed ring of aggravate monster y - an uncursed -1 ring of increase accuracy Wands ('/') P - an uncursed wand of digging (0:4) u - an uncursed wand of enlightenment (0:12) l - an uncursed wand of sleep (0:6) Tools ('(') B - an uncursed magic marker (0:91) r - an uncursed skeleton key Q - an uncursed tin whistle G - an uncursed towel Gems/Stones ('*') H - 3 uncursed worthless pieces of orange glass z - a cursed worthless piece of red glass g - an uncursed worthless piece of white glass ClaireVoyance the Valkyrie's attributes: Background: You were a Skirmisher, a level 4 dwarven Valkyrie. You were lawful, on a mission for Tyr who was opposed by Odin (neutral) and Loki (chaotic). You were in the Dungeons of Doom, on level 7. You entered the dungeon 2314 turns ago. It was the midnight hour. You had 158 experience points, 2 more were needed to attain level 5. Basics: You had 0 out of 50 hit points. You had all 6 energy points (spell power). Your armor class was 0. Your wallet contained 106 zorkmids. Autopickup was on for '$?!"=/*', with exceptions. Final Characteristics: Your strength was 13 (peak:16, limit:18/100). Your dexterity was 10 (limit:20). Your constitution was 20 (limit:20). Your intelligence was 10 (limit:16). Your wisdom was 10 (limit:16). Your charisma was 9 (limit:16). Final Status: You were not hungry. You were unencumbered. You were wielding a long sword. You had basic skill with long sword. Final Attributes: You were piously aligned. You were cold resistant. You had infravision. You were stealthy. You were guarded. You are dead. Miscellaneous: You disabled loading of bones levels. Total elapsed playing time was 12 minutes and 54 seconds. Vanquished creatures: a guardian naga hatchling an elf zombie a giant ant a hill orc 2 killer bees 2 acid blobs 2 gas spores 2 giant rats a cave spider 3 yellow molds 2 garter snakes a gnome zombie a gecko 3 jackals 2 kobolds 3 goblins a sewer rat 2 grid bugs 2 lichens 2 kobold zombies a newt 36 creatures vanquished. No species were genocided or became extinct. Voluntary challenges: You read items or engraved 4 times. You engraved Elbereth 2 times. You never genocided any monsters. You never polymorphed an object. You never changed form. You used no wishes. Achievements: You entered a shop. You attained the rank of Skirmisher. The Dungeons of Doom: levels 1 to 7 Level 1: Level 2: A fountain, a sink. Level 3: An armor shop, a fountain. Level 4: An armor shop, an altar. Level 5: Level 6: Some fountains. Level 7: <- You were here. Final resting place for you, killed by falling down a mine shaft. Game over: ---------- / \ / REST \ / IN \ / PEACE \ / \ | ClaireVoyance | | 106 Au | | killed by | | falling down a | | mine shaft | | | | 2022 | *| * * * | * _________)/\\_//(\/(/\)/\//\/|_)_______ Farvel ClaireVoyance the Valkyrie... You died in The Dungeons of Doom on dungeon level 7 with 1048 points, and 106 pieces of gold, after 2314 moves. You were level 4 with a maximum of 50 hit points when you died.